 Dungeon Crawl Stone Soup version 0.19.5 (webtiles) character file.

18974 Wander the Martial Artist (level 12, -3/81 HPs)
             Began as a Demonspawn Conjurer on Apr 1, 2017.
             Was a Priest of Uskayaw.
             Slain by a swamp worm (8 damage)
             ... on level 4 of the Lair of Beasts.
             The game lasted 01:05:33 (14238 turns).

Wander the Martial Artist (Demonspawn Conjurer)    Turns: 14238, Time: 01:05:34

Health: -3/81      AC: 15    Str: 10    XL:     12   Next: 32%
Magic:  18/18      EV: 15    Int: 17    God:    Uskayaw [***...]
Gold:   709        SH:  0    Dex: 17    Spells: 3 memorised, 12 levels left

rFire  . . .     SeeInvis +       - Unarmed
rCold  + . .     Gourm    .     Q - +0 troll leather armour
rNeg   . . .     Faith    .     (no shield)
rPois  +         Spirit   .     O - +2 hat
rElec  .         Reflect  .     a - +1 cloak {rPois}
rCorr  .         Harm     .     (no gloves)
MR     .....     Rnd*Tele +     (no boots)
Stlth  ++........               p - amulet of rage
                                E - ring of stealth
                                t - +4 ring of protection

@: no status effects
A: claws 2, talons 1, thin metallic scales 2, see invisible, blink, cold
resistance 1, demonic guardian 2, frail 1, powered by death 2, teleportitis 1
a: Blink, Stomp, Line Pass, Renounce Religion, Evoke Berserk Rage


You were on level 4 of the Lair of Beasts.
You worshipped Uskayaw.
Uskayaw was aware of your devotion.
You were not hungry.

You visited 3 branches of the dungeon, and saw 13 of its levels.
You also visited: Sewer and Ossuary.

You collected 709 gold pieces.

Inventory:

Armour
 a - a +1 cloak of poison resistance (worn)
 j - the +2 ring mail "Silius" {+Inv rF+ rCorr}
   (You found it on level 3 of the Lair of Beasts)

   It protects you from fire.
   It lets you turn invisible.
   It protects you from acid and corrosion.
 y - a +2 robe of magic resistance
 O - a +2 hat (worn)
 Q - a +0 troll leather armour (worn)
Magical Staves
 z - a cursed staff of earth {unknown}
Jewellery
 p - an amulet of rage (around neck)
 t - a +4 ring of protection (left claw)
 E - a ring of stealth (right claw)
 W - an uncursed ring of protection from magic
Wands
 x - a wand of iceblast (11/15)
 V - a wand of random effects (27/48)
 X - a wand of acid (8/15)
 Z - a wand of polymorph (10/24)
Scrolls
 f - 3 scrolls of enchant weapon {unknown}
 g - 6 scrolls of remove curse
 k - 3 scrolls of random uselessness {unknown}
 l - 2 scrolls of magic mapping {unknown}
 m - 3 scrolls of noise {unknown}
 q - 5 scrolls of teleportation {unknown}
 s - 3 scrolls of blinking {unknown}
 B - 2 scrolls of fear {unknown}
 D - a scroll of fog {unknown}
 I - a scroll of enchant armour {unknown}
 L - 4 scrolls of recharging {unknown}
 N - a scroll of amnesia {unknown}
 S - a scroll of holy word {unknown}
 Y - a scroll of summoning {unknown}
Potions
 e - 6 potions of lignification
 h - 3 potions of heal wounds
 o - 4 potions of might
 u - 8 potions of curing
 v - 3 potions of ambrosia
 w - 2 potions of berserk rage
 A - 6 potions of brilliance
 C - 3 potions of magic
 G - a potion of invisibility
 H - 3 potions of flight
 M - a potion of resistance
 P - 2 potions of cure mutation
 T - a potion of cancellation
Books
 b - a book of Conjurations

   Spells                             Type                      Level
   a - Magic Dart                     Conjuration                  1
   b - Searing Ray                    Conjuration                  2
   c - Dazzling Spray                 Conjuration/Hexes            3
   d - Fulminant Prism                Conjuration/Hexes            4
   e - Iskenderun's Mystic Blast      Conjuration                  4
   f - Iskenderun's Battlesphere      Conjuration/Charms           5
 F - a book of Maledictions

   Spells                             Type                      Level
   a - Corona                         Hexes                        1
   b - Ensorcelled Hibernation        Hexes/Ice                    2
   c - Confuse                        Hexes                        3
   d - Tukima's Dance                 Hexes                        3
   e - Dazzling Spray                 Conjuration/Hexes            3
 R - a book of Cantrips

   Spells                             Type                      Level
   a - Confusing Touch                Hexes                        1
   b - Animate Skeleton               Necromancy                   1
   c - Summon Small Mammal            Summoning                    1
   d - Apportation                    Translocation                1
Miscellaneous
 U - a lamp of fire
Comestibles
 c - 8 bread rations
 d - 5 meat rations
 i - 3 fruits
 n - 5 beef jerkies
 r - 9 chunks of flesh
 J - 2 slices of pizza
 K - a royal jelly


   Skills:
 + Level 7.1 Fighting
 + Level 6.3 Dodging
 - Level 1.7 Stealth
 + Level 14.4 Unarmed Combat
 - Level 2.3 Spellcasting
 - Level 5.1 Conjurations
 - Level 9.0 Invocations


You had 12 spell levels left.
You knew the following spells:

 Your Spells              Type           Power        Failure   Level  Hunger
a - Magic Dart            Conj           ###.         3%          1    #......
b - Summon Small Mammal   Summ           #...         28%         1    #......
c - Apportation           Tloc           #.........   28%         1    #......


Dungeon Overview and Level Annotations

Branches:
Dungeon (8/15)             Temple (1/1) D:5            Lair (4/6) D:8
 Shoals (0/4) Lair:2        Snake (0/4) Lair:2

Altars:
Ashenzari
Dithmenos
Elyvilon
Fedhas
Gozag
Hepliaklqana
Kikubaaqudgha
Makhleb
Nemelex Xobeh
Okawaru
Qazlal
Ru
Sif Muna
Trog
Uskayaw
Vehumet
Xom
Yredelemnul
Zin
The Shining One


Innate Abilities, Weirdness & Mutations

You have very sharp fingernails.
You are mostly covered in thin metallic scales. (AC +3)
A demonic guardian rushes to your aid.
You regenerate health from kills.
You have sharp toenails.
You have supernaturally acute eyesight. (SInv)
You can translocate small distances at will.
Your flesh is cold resistant. (rC+)
You are frail. (-10% HP)
You are occasionally teleported next to monsters.


Message History

r - 6 chunks of flesh (gained 3);
r - 9 chunks of flesh (gained 3)
A swamp worm bursts forth from the water.
The swamp worm bites you but does no damage.
The swamp worm closely misses you. The swamp worm bites you.
A swamp worm bursts forth from the water.
The swamp worm bites you. The swamp worm bites you!
The swamp worm bites you but does no damage.
The swamp worm bites you! The swamp worm barely misses you.
The swamp worm bites you!
A swamp worm bursts forth from the water.
The swamp worm bites you!!
* * * LOW HITPOINT WARNING * * *
A swamp worm bursts forth from the water.
The swamp worm bites you!
* * * LOW HITPOINT WARNING * * *
The swamp worm bites you but does no damage.
The swamp worm bites you.
* * * LOW HITPOINT WARNING * * *
The swamp worm barely misses you. The swamp worm bites you!
You die...

#.........≈≈≈. .
#.................... ......
#........##...#...... .......
#............#≈.....##.......
##..........≈≈≈ ≈≈...<......
##........≈≈≈≈≈ ≈≈≈≈.......
##P.......≈≈≈#######≈≈≈.......
#P........≈≈##≈≈≈≈≈#P≈≈.......
####.P.#..≈≈#)w@≈≈≈≈≈≈≈.......
#....##.≈≈##www≈≈#P≈≈......P
####.##.≈≈≈#######≈≈≈......#
#.##≈#≈≈≈≈≈≈≈≈≈≈≈.......P
##..###≈#≈≈≈≈≈≈≈.........P
##..## ######≈P#≈..........
#....# #P###.##....... #.####
### ### ......# ### ..####.


You could see 4 swamp worms.

Vanquished Creatures
  2 hydras
  Urug (Lair:4)
  Nergalle (Lair:2)
  A black mamba (Lair:2)
  3 spiny frogs
  3 komodo dragons
  4 blink frogs
  5 hippogriffs
  Sigmund (D:3)
  12 yaks
  A basilisk (D:8)
  A wyvern (Lair:2)
  Menkaure (D:6)
  A soldier ant (D:6)
  2 swamp worms (Lair:4)
  8 porcupines
  14 water moccasins
  2 phantoms
  3 orc warriors
  A black bear (D:6)
  A sky beast (D:8)
  4 ogres
  The ghost of Wander the Insei, an amateur DsSk (D:3)
  A wolf (Lair:1)
  5 centaurs
  6 crocodiles
  An elf zombie (Ossuary)
  8 bullfrogs
  3 scorpions
  3 electric eels
  3 howler monkeys (D:8)
  2 crimson imps
  2 human zombies (Ossuary)
  3 centaur skeletons
  A centaur zombie (Ossuary)
  A jelly (D:8)
  4 orc priests
  2 hounds
  10 orc wizards
  4 iguanas
  9 worker ants
  2 big kobold zombies (Ossuary)
  A hound skeleton (D:4)
  2 mummies (Ossuary)
  Robin (D:3)
  3 gnolls (D:5)
  A howler monkey skeleton (D:6)
  8 river rats
  9 adders
  A shadow imp (D:6)
  An ooze (D:5)
  2 adder zombies (Ossuary)
  12 worms
  7 dart slugs
  4 leopard geckos
  29 orcs
  5 ball pythons
  4 giant cockroaches
  2 gnoll zombies (D:3)
  21 goblins (D:3)
  12 hobgoblins
  10 jackals
  8 kobolds
  A quokka (D:7)
  6 bats
  8 frilled lizards
  A goblin zombie (Ossuary)
  11 hobgoblin zombies (Ossuary)
  A jackal zombie (Ossuary)
  10 kobold zombies
  6 orc zombies (Ossuary)
  24 rats
  A rat zombie (Ossuary)
  A plant (Lair:4)
356 creatures vanquished.

Vanquished Creatures (collateral kills)
  Gastronok (D:8)
  2 hydras
  Joseph (D:8)
  A black mamba (Lair:2)
  Maurice (D:8)
  A komodo dragon (Lair:1)
  A troll (D:8)
  6 blink frogs
  5 yaks
  2 basilisks (D:8)
  A porcupine (D:8)
  5 water moccasins
  A wolf (Lair:1)
  A centaur (D:8)
  3 crocodiles (D:8)
  A bullfrog (Lair:1)
  A bullfrog skeleton (D:8)
  A centaur skeleton (D:8)
  A shadow imp (D:8)
  An orc (D:8)
  A ball python (Lair:2)
  3 jackals (D:8)
41 creatures vanquished.

Vanquished Creatures (others)
  2 fungi
  4 plants
6 creatures vanquished.

Grand Total: 403 creatures vanquished

Notes
Turn   | Place    | Note
-------+----------+-------------------------------------------
     0 | D:1      | Wander the Demonspawn Conjurer began the quest for the Orb.
     0 | D:1      | Reached XP level 1. HP: 13/13 MP: 3/3
   595 | D:1      | Gained mutation: You have sharp fingernails. [demonic ancestry]
   595 | D:1      | Reached XP level 2. HP: 19/19 MP: 0/5
  1195 | D:2      | Reached XP level 3. HP: 20/24 MP: 0/6
  1468 | D:2      | Reached skill level 5 in Conjurations
  1839 | D:2      | Reached skill level 1 in Unarmed Combat
  2133 | D:3      | Gained mutation: You are partially covered in thin metallic scales. (AC +2) [demonic ancestry]
  2133 | D:3      | Reached XP level 4. HP: 30/30 MP: 3/7
  2319 | D:3      | Found a basalt altar of Yredelemnul.
  2592 | D:3      | Noticed Wander's ghost (amateur DsSk)
  2605 | D:3      | Killed Wander's ghost
  2605 | D:3      | Reached skill level 3 in Unarmed Combat
  2605 | D:3      | Gained mutation: You have very sharp fingernails. [demonic ancestry]
  2605 | D:3      | Reached XP level 5. HP: 35/35 MP: 5/8
  2969 | D:3      | Noticed Robin
  3019 | D:3      | Killed Robin
  3649 | D:3      | Noticed Sigmund
  3743 | D:4      | Found an ancient bone altar of Kikubaaqudgha.
  3754 | D:4      | Reached skill level 4 in Unarmed Combat
  3785 | D:4      | Found an iron altar of Okawaru.
  3920 | D:4      | Gained mutation: You regenerate a little health from kills. [demonic ancestry]
  3920 | D:4      | Reached XP level 6. HP: 13/41 MP: 7/9
  4055 | D:4      | Found a sand-covered staircase.
  4178 | Ossuary  | Entered an ossuary
  4477 | Ossuary  | Reached skill level 5 in Unarmed Combat
  4691 | Ossuary  | Reached XP level 7. HP: 36/46 MP: 10/10
  4712 | Ossuary  | Reached skill level 6 in Unarmed Combat
  5504 | D:4      | Reached skill level 7 in Unarmed Combat
  5616 | D:3      | Killed Sigmund
  5685 | D:4      | Gained mutation: A weak demonic guardian rushes to your aid. [demonic ancestry]
  5685 | D:4      | Reached XP level 8. HP: 52/52 MP: 11/11
  5710 | D:5      | Entered Level 5 of the Dungeon
  5893 | D:5      | Found a glowing drain.
  5913 | Sewer    | Entered a sewer
  6042 | Sewer    | Reached skill level 8 in Unarmed Combat
  6320 | D:5      | Reached skill level 1 in Fighting
  6707 | D:5      | Found a staircase to the Ecumenical Temple.
  6716 | Temple   | Entered the Ecumenical Temple
  6773 | Temple   | Became a worshipper of Uskayaw the Reveler
  6929 | D:5      | Reached * piety under Uskayaw
  6966 | D:5      | Reached ** piety under Uskayaw
  7221 | D:5      | Found a hazy altar of Hepliaklqana.
  7225 | D:5      | Found a shattered altar of Ashenzari.
  7226 | D:5      | Found a shadowy altar of Dithmenos.
  7229 | D:5      | Found a shimmering altar of Xom.
  7482 | D:5      | Found a radiant altar of Vehumet.
  7586 | D:6      | Reached skill level 5 in Fighting
  7629 | D:6      | Reached skill level 1 in Invocations
  7880 | D:6      | Noticed Menkaure
  7934 | D:6      | Killed Menkaure
  7934 | D:6      | Gained mutation: A demonic guardian rushes to your aid. [demonic ancestry]
  7934 | D:6      | Reached XP level 9. HP: 68/68 MP: 3/12
  7975 | D:6      | Reached skill level 9 in Unarmed Combat
  8072 | D:6      | Found a bloodstained altar of Trog.
  8107 | D:6      | Reached *** piety under Uskayaw
  8903 | D:7      | Found a burning altar of Makhleb.
  9026 | D:7      | Reached skill level 10 in Unarmed Combat
  9442 | D:7      | HP: 3/68 [orc warrior/halberd (10)]
  9776 | D:7      | Found a sparkling altar of Nemelex Xobeh.
 10009 | D:7      | Found a glowing golden altar of the Shining One.
 10376 | D:8      | Noticed Maurice
 10380 | D:8      | Noticed Gastronok
 10478 | D:8      | Noticed Joseph
 10484 | D:8      | Killed Joseph
 10560 | D:8      | Killed Gastronok
 10560 | D:8      | Reached skill level 11 in Unarmed Combat
 10560 | D:8      | Reached skill level 5 in Invocations
 10560 | D:8      | Reached XP level 10. HP: 73/74 MP: 12/14
 10705 | D:8      | Reached **** piety under Uskayaw
 10760 | D:8      | Killed Maurice
 10954 | D:8      | Reached skill level 12 in Unarmed Combat
 11152 | D:8      | Found a staircase to the Lair.
 11165 | D:8      | Learned a level 1 spell: Summon Small Mammal
 11167 | D:8      | Learned a level 1 spell: Apportation
 11187 | Lair:1   | Entered Level 1 of the Lair of Beasts
 11195 | Lair:1   | Noticed a four-headed hydra
 11201 | Lair:1   | Killed a four-headed hydra
 11308 | Lair:1   | Gained mutation: You are mostly covered in thin metallic scales. (AC +3) [demonic ancestry]
 11308 | Lair:1   | Reached XP level 11. HP: 76/81 MP: 16/16
 11617 | Lair:1   | Noticed a four-headed hydra
 11643 | Lair:1   | Killed a four-headed hydra
 11643 | Lair:1   | Reached skill level 5 in Dodging
 12263 | Lair:2   | Reached skill level 13 in Unarmed Combat
 12301 | Lair:2   | Found a staircase to the Snake Pit.
 12368 | Lair:2   | Noticed Nergalle
 12381 | Lair:2   | Killed Nergalle
 12440 | Lair:2   | Found a staircase to the Shoals.
 12847 | Lair:2   | Gained mutation: You are occasionally teleported next to monsters. [potion of mutation]
 12847 | Lair:2   | Gained mutation: Your flesh is cold resistant. (rC+) [potion of mutation]
 12847 | Lair:2   | Gained mutation: You can translocate small distances at will. [potion of mutation]
 13180 | Lair:3   | Gained mutation: You have sharp toenails. [potion of mutation]
 13180 | Lair:3   | Gained mutation: You have supernaturally acute eyesight. (SInv) [potion of mutation]
 13180 | Lair:3   | Gained mutation: You are frail. (-10% HP) [potion of mutation]
 13251 | Lair:3   | Gained mutation: You regenerate health from kills. [demonic ancestry]
 13251 | Lair:3   | Reached XP level 12. HP: 80/80 MP: 15/18
 13258 | Lair:3   | Reached ***** piety under Uskayaw
 13617 | Lair:3   | Got a bronze ring mail
 13628 | Lair:3   | Identified the +2 ring mail "Silius" {+Inv rF+ rCorr} (You found it on level 3 of the Lair of Beasts)
 13754 | Lair:4   | Noticed a four-headed hydra
 13761 | Lair:4   | Killed a four-headed hydra
 13809 | Lair:4   | Noticed an eight-headed hydra
 13816 | Lair:4   | Reached skill level 14 in Unarmed Combat
 13822 | Lair:4   | Killed an eight-headed hydra
 13996 | Lair:4   | Noticed Urug
 14013 | Lair:4   | Killed Urug
 14238 | Lair:4   | Slain by a swamp worm

Skill      XL: |  1  2  3  4  5  6  7  8  9 10 11 12 |
---------------+-------------------------------------+-----
Conjurations   | 5 |  5.1
Unarmed Combat | 1 3 4 5 7 8 11 12 13 14 | 14.4
Fighting       | 5 6 7 |  7.1
Invocations    | 2 5 6 9 |  9.0
Dodging        | 3 4 5 6 |  6.3
Stealth        | |  1.7
Spellcasting   | |  2.3

Action                   |  1- 3 |  4- 6 |  7- 9 | 10-12 || total
-------------------------+-------+-------+-------+-------++-------
Melee: Unarmed           |    15 |   272 |   405 |   481 ||  1173
       Punch             |       |     4 |    12 |    17 ||    33
       Kick              |       |       |       |    45 ||    45
 Cast: Magic Dart        |    87 |    64 |   146 |    94 ||   391
       Summon Small Mamm |       |       |       |     1 ||     1
Invok: Stomp             |       |       |     2 |     1 ||     3
 Abil: Evoke Berserk Rag |       |     2 |     1 |       ||     3
       Blink             |       |       |       |     1 ||     1
Evoke: Lamp of fire      |       |       |       |     1 ||     1
  Use: Potion            |       |     3 |       |     2 ||     5
       Scroll            |       |     1 |     7 |     4 ||    12
 Stab: Sleeping          |       |     2 |     9 |     6 ||    17
       Paralysed         |       |       |     1 |    24 ||    25
       Distracted        |       |       |       |     3 ||     3
  Eat: Chunk             |     5 |     9 |    19 |    15 ||    48
       Fruit             |       |     1 |     1 |       ||     2
       Beef jerky        |       |       |     1 |       ||     1
Armor: Robe              |     6 |    77 |   118 |    32 ||   233
       Skin              |       |     3 |       |       ||     3
       Troll leather arm |       |       |       |   112 ||   112
Dodge: Dodged            |    20 |   109 |   180 |   223 ||   532
